 Dungeon Crawl Stone Soup version 0.31-a0-1612-g4aaf141004 (webtiles) character file.

Game seed: 12104179331538708115

2531 gruber the Slicer (level 9, -4/43 HPs)
             Began as a Vine Stalker Fighter on Jan 9, 2024.
             Engulfed by a cloud of steam (6 damage)
             ... on level 6 of the Dungeon.
             The game lasted 00:05:54 (4737 turns).

gruber the Slicer (Vine Stalker Fighter)            Turns: 4737, Time: 00:05:55

Health: -4/43      AC: 15    Str: 20    XL:     9   Next: 55%
Magic:  0/10       EV: 11    Int:  8    God:
Gold:   327        SH: 10    Dex: 17    Spells: 8/8 levels left

rFire   . . .        a - +0 rapier
rCold   . . .        c - +0 buckler
rNeg    . . .        b - +0 scale mail
rPois   +            (no helmet)
rElec   .            x - +0 cloak
rCorr   .            n - +0 pair of gloves
SInv    .            v - +0 pair of boots
Will    +....        g - amulet of reflection
Stlth   +            C - +4 ring of protection
HPRegen 1.07/turn    E - ring of poison resistance
MPRegen 0.12/turn

%: reflection, guardian spirit
@: no status effects
A: fangs 3, regeneration 1, magic shield, antimagic bite, no potion heal 2
a: no special abilities


You were on level 6 of the Dungeon.
You visited 1 branch of the dungeon, and saw 6 of its levels.
You also visited: Sewer.

You collected 327 gold pieces.

Inventory:

Hand Weapons
 a - a +0 rapier (weapon)
Missiles
 o - 22 poisoned darts (quivered)
 F - 2 throwing nets
Armour
 b - a +0 scale mail (worn)
 c - a +0 buckler (worn)
 n - a +0 pair of gloves (worn)
 v - a +0 pair of boots (worn)
 x - a +0 cloak (worn)
Jewellery
 g - an amulet of reflection (around neck)
 C - a +4 ring of protection (left hand)
 E - a ring of poison resistance (right hand)
Wands
 G - a wand of flame (12)
Scrolls
 f - 5 scrolls of immolation {unknown}
 i - a scroll of revelation {unknown}
 l - 2 scrolls of enchant armour {unknown}
 m - 2 scrolls of enchant weapon {unknown}
 q - a scroll of blinking {unknown}
 r - 2 scrolls of poison {unknown}
 s - 2 scrolls of fog {unknown}
 u - a scroll of silence {unknown}
 w - a scroll of teleportation {unknown}
 B - 2 scrolls of identify {unknown}
 D - a scroll of fear {unknown}
Potions
 d - 2 potions of might
 e - 4 potions of heal wounds
 h - a potion of lignification {unknown}
 j - 6 potions of curing
 k - a potion of ambrosia {unknown}
 p - a potion of attraction {unknown}
 t - 3 potions of mutation {unknown}
 z - 2 potions of enlightenment
 A - a potion of magic {unknown}


   Skills:
 - Level 2.6 Fighting
 - Level 8.4 Short Blades
 * Level 5.8 Armour
 - Level 4.1 Dodging
 - Level 4.3 Stealth
 - Level 2.6 Shields


You had 8 spell levels left.
You didn't know any spells.
Your spell library contained the following spells:

 Spells                   Type           Power      Damage    Failure   Level
 Apportation              Tloc           0%         N/A       82%         1
 Magic Dart               Conj           0%         1d3       82%         1
 Necrotise                Necr           0%         1d4       82%         1
 Sting                    Conj/Alch      0%         1d3       82%         1
 Summon Small Mammal      Summ           0%         N/A       82%         1
 Searing Ray              Conj           0%         2d4       91%         2
 Fulminant Prism          Conj/Alch      0%         3d5       100%        4
 Ignite Poison            Fire/Alch      0%         N/A       100%        4
 Sticky Flame             Fire/Alch      0%         2d4       100%        4
 Ignition                 Fire           0%         3d3       100%        8


Dungeon Overview and Level Annotations

Branches:
Dungeon (6/15)              Sewer (visited)
 Temple: D:4-7

Altars:
Gozag
Hepliaklqana
Kikubaaqudgha
Sif Muna
Vehumet
Zin


Innate Abilities, Weirdness & Mutations

You have razor-sharp teeth.
Your natural rate of healing is unusually fast.
When hurt, damage is shared between your health and your magic reserves.
Your bite disrupts and absorbs the magic of your enemies.
Potions cannot restore your health.


Message History

The steam dragon claws you but does no damage.
You block the killer bee's attack.
You hit the steam dragon.
The steam dragon is severely wounded.
You are engulfed in a cloud of scalding steam.
The killer bee stings you but does no damage.
You block the steam dragon's attack. The steam dragon misses you.
You hit the steam dragon but do no damage.
You bite the steam dragon. You drain its power.
You feel invigorated.
The steam dragon is severely wounded.
The killer bee barely misses you. You block the killer bee's attack.
The steam dragon breathes steam at you. The ball of steam hits you!
You hit the steam dragon but do no damage.
The steam dragon is severely wounded.
You are engulfed in a cloud of scalding steam.
You block the killer bee's attack. The killer bee stings you.
* * * LOW HITPOINT WARNING * * *
Unknown command.
Unknown command.
You hit the steam dragon but do no damage.
You bite the steam dragon, but do no damage.
The steam dragon is severely wounded.
You are engulfed in a cloud of scalding steam.
* * * LOW HITPOINT WARNING * * *
You block the killer bee's attack. The steam dragon bites you!
* * * LOW HITPOINT WARNING * * *
The steam dragon claws you but does no damage.
Unknown command.
Okay, then.
You hit the steam dragon. You bite the steam dragon.
You kill the steam dragon!
You are engulfed in a cloud of scalding steam.
The killer bee stings you but does no damage.
The killer bee closely misses you.
Unknown command.
You miss the killer bee. You bite the killer bee.
You kill the killer bee!
You are engulfed in a cloud of scalding steam.
You die...

......#........# ####..#'#
......#........###s)y).D#
......#####..###..)#....# ......#
###.###†####..## ......#
#.#...#.# ##'# ......####.#.....#
..# ...........#...{[## ...#
#####.##...###.#†s# ...'#'
#####.##.#####.#@.# ..##..
...##..........#..# ### ...
##.......#######..##### ..
##.#############......# # ##.#
#........####.#### #
#########...........#....########
........'........##....#...[.##..
#####.###........##.##.#####.#..#
...##.# ###########....#####..^##


You could see a scorpion.

Vanquished Creatures
  Grinder (D:5)
  Sigmund (D:5)
  A steam dragon (D:6)
  A water moccasin (D:6)
  An orc warrior (D:6)
  An ogre (D:4)
  2 centaurs (D:6)
  2 phantoms
  2 kobold brigands (Sewer)
  2 bullfrogs (D:6)
  5 scorpions
  4 killer bees (D:6)
  A jelly (D:6)
  A bombardier beetle (D:4)
  6 orc priests
  2 hounds
  7 iguanas
  4 orc wizards
  6 adders
  A river rat (Sewer)
  2 ufetubi (D:6)
  2 dart slugs
  4 ribbon worms
  15 orcs
  6 ball pythons
  8 endoplasms
  A giant cockroach (D:2)
  5 goblins
  5 hobgoblins
  2 jackals (D:1)
  12 kobolds
  6 bats
  2 frilled lizards
  6 rats
127 creatures vanquished.

Notes
Turn   | Place    | Note
-------+----------+-------------------------------------------
     0 | D:1      | gruber the Vine Stalker Fighter began the quest for the
                  | Orb.
     0 | D:1      | Reached XP level 1. HP: 11/11 MP: 2/2
    33 | D:1      | Reached skill level 2 in Short Blades
    41 | D:1      | Reached XP level 2. HP: 16/16 MP: 3/3
   177 | D:1      | Reached skill level 3 in Short Blades
   184 | D:1      | Reached XP level 3. HP: 19/19 MP: 4/4
   311 | D:1      | You fall into a shaft and drop 1 floor!
   482 | D:2      | Found a faded altar of an unknown god.
  1056 | D:2      | Reached XP level 4. HP: 22/23 MP: 5/5
  1172 | D:3      | Reached skill level 4 in Short Blades
  1333 | D:3      | Found a radiant altar of Vehumet.
  1475 | D:3      | Found a glowing silver altar of Zin.
  1476 | D:3      | Noticed an angel
  1536 | D:4      | Noticed a scorpion
  1550 | D:3      | Killed a scorpion
  1551 | D:3      | Reached skill level 5 in Short Blades
  1551 | D:3      | Reached XP level 5. HP: 23/27 MP: 6/6
  1627 | D:4      | Reached XP level 6. HP: 29/32 MP: 5/7
  1690 | D:4      | Reached skill level 6 in Short Blades
  1978 | D:4      | Found a shimmering blue altar of Sif Muna.
  1985 | D:4      | Reached XP level 7. HP: 35/35 MP: 8/8
  2370 | D:4      | Found a faded altar of an unknown god.
  2372 | D:4      | Found a faded altar of an unknown god.
  2372 | D:4      | Found a hazy altar of Hepliaklqana.
  2389 | D:4      | Reached skill level 7 in Short Blades
  2585 | D:5      | Entered Level 5 of the Dungeon
  2629 | D:5      | Found a glowing drain.
  2638 | Sewer    | Entered a sewer
  2766 | Sewer    | Found a white marble altar of Elyvilon.
  2853 | D:5      | Noticed Sigmund
  2873 | D:5      | Killed Sigmund
  2874 | D:5      | Reached skill level 8 in Short Blades
  2874 | D:5      | Gained mutation: You have razor-sharp teeth. [Vine Stalker
                  | growth]
  2874 | D:5      | Reached XP level 8. HP: 39/39 MP: 9/9
  2892 | D:5      | Found an opulent altar of Gozag.
  2892 | D:5      | Found an ancient bone altar of Kikubaaqudgha.
  2964 | D:5      | Noticed Grinder
  2974 | D:5      | Killed Grinder
  3348 | D:5      | Reached skill level 1 in Dodging
  4247 | D:6      | Reached XP level 9. HP: 43/43 MP: 10/10
  4697 | D:6      | Reached skill level 5 in Armour
  4735 | D:6      | HP: 2/43 [steam dragon (6)]
  4737 | D:6      | Engulfed by a cloud of steam

Illustrated notes

Levels and vault maps discovered:
D:1:      heliophobic_arrival_glass_houses, layout_rooms
D:2:      layout_basic, shapermc_ecumenical_altar_acropolis
D:3:      layout_rooms, zin_angel, mainiacjoe_overflow_alcove_4
D:4:      layout_layer_cave, nicolae_hepliaklqana_ecumenical_no_more,
          kennysheep_orc_sif_temple, chequers_avenue
D:5:      layout_layer_cave, amethyst_overflow_temple_binary,
          mainiacjoe_sewer_entry_somewhere_in_here_1, uniq_sigmund, uniq_grinder
D:6:      minmay_bubble_buster, layout_basic

Skill      XL: |  1  2  3  4  5  6  7  8  9 |
---------------+----------------------------+-----
Short Blades   | 2 3 5 6 8 |  8.4
Stealth        | 4 |  4.3
Dodging        | 4 |  4.1
Armour         | 5 |  5.8
Fighting       | |  2.6
Shields        | |  2.6

Action                     |  1- 3 |  4- 6 |  7- 9 || total
---------------------------+-------+-------+-------++-------
  Melee: Rapier            |   113 |   124 |   310 ||   547
         Bite              |    23 |    44 |   105 ||   172
  Throw: Dart              |       |       |     1 ||     1
  Evoke: Wand              |       |       |     4 ||     4
 Armour: Scale mail        |    41 |    53 |   141 ||   235
  Dodge: Dodged            |    36 |    29 |    90 ||   155
  Block: Buckler           |    64 |    44 |   144 ||   252
         Reflection        |       |     1 |    10 ||    11

Table legend: (Time is in decaauts)
 A = Elapsed time spent in this place.
 B = Non-inter-level travel time spent in this place.
 C = Inter-level travel time spent in this place.
 D = Time resting spent in this place.
 E = Time spent auto-exploring this place.
 F = Levels seen in this place.
 G = Mean time per level.
                   A        B        C        D        E       F      G
               +--------+--------+--------+--------+--------+-----+--------+
         Total |   4724 |   4454 |    270 |     17 |   3456 |   7 |  674.9 |
       Dungeon |   4539 |   4269 |    270 |     17 |   3332 |   6 |  756.5 |
         Sewer |    184 |    184 |      0 |      0 |    124 |   1 |  184.0 |
               +--------+--------+--------+--------+--------+-----+--------+

Top non-repeatable levels by time:
     D:5: 1321 daAuts
     D:4: 1042 daAuts
     D:2: 619 daAuts
     D:6: 601 daAuts
     D:1: 490 daAuts
     D:3: 464 daAuts
   Sewer: 184 daAuts
